 Dungeon Crawl Stone Soup version 0.23.2-40-g277498a001 (webtiles) character file.

Game seed: 16014152657960484856

111 Destapler the Gusty (level 4, -2/25 HPs)
             Began as a Tengu Air Elementalist on Aug 19, 2019.
             Slain by a hobgoblin
             ... wielding a +0 club
             ... led by Robin
              (4 damage)
             ... on level 2 of the Dungeon.
             The game lasted 00:15:16 (3045 turns).

Destapler the Gusty (Tengu Air Elementalist)        Turns: 3045, Time: 00:15:17

Health: -2/25      AC:  2    Str:  8    XL:     4   Next: 92%
Magic:  8/8        EV: 13    Int: 21    God:
Gold:   120        SH:  0    Dex: 15    Spells: 2/7 levels left

rFire    . . .     SeeInvis .   b - +0 blowgun
rCold    . . .     Gourm    .   (no shield)
rNeg     . . .     Faith    .   s - +0 robe
rPois    .         Spirit   .   (helmet restricted)
rElec    .         Reflect  .   (no cloak)
rCorr    .         Harm     .   (no gloves)
MR       .....                  (boots unavailable)
Stlth    ++........             (no amulet)
HPRegen  0.08/turn              (no ring)
MPRegen  0.11/turn              (no ring)

@: brilliant
A: beak, talons 3
a: no special abilities


You were on level 2 of the Dungeon.
You were not hungry.

You visited 1 branch of the dungeon, and saw 3 of its levels.

You collected 120 gold pieces.

Inventory:

Hand Weapons
 a - a +3 dagger
 b - a +0 blowgun (weapon)
 d - a +0 whip of draining
Missiles
 m - 4 tomahawks
 o - 20 stones
 p - 21 poisoned needles (quivered)
 u - 3 needles of confusion
Armour
 s - a +0 robe (worn)
Scrolls
 f - 6 scrolls of remove curse
 g - 4 scrolls of identify
 h - a scroll of magic mapping {unknown}
 j - 3 scrolls of enchant armour {unknown}
 k - 2 scrolls of teleportation {unknown}
 n - 2 scrolls of fear {unknown}
 r - a scroll of noise {unknown}
Potions
 e - a potion of degeneration {unknown}
 i - a potion of curing
 l - a potion of agility
Comestibles
 c - 4 rations


   Skills:
 + Level 1.2 Fighting
 - Level 2.0 Armour
 - Level 3.1 Dodging
 + Level 2.5 Stealth
 * Level 2.4 Spellcasting
 - Level 2.0 Conjurations
 + Level 4.5 Air Magic


You had 2 spell levels left.
You knew the following spells:

 Your Spells              Type           Power        Failure   Level  Hunger
a - Shock                 Conj/Air       ####         1%          1    None
b - Airstrike             Air            ####......   2%          4    ####...

Your spell library contained the following spells:

 Spells                   Type           Power        Failure   Level  Hunger
 Swiftness                Chrm/Air       ###.....     1%          2    ##.....
 Static Discharge         Conj/Air       ####....     1%          3    ###....
 Lightning Bolt           Conj/Air       ####......   12%         5    ######.


Dungeon Overview and Level Annotations

Branches:
Dungeon (3/15)

Altars:
Ashenzari
Nemelex Xobeh
Qazlal
Vehumet
Wu Jian
Yredelemnul
The Shining One

Annotations:
D:2 Robin


Innate Abilities, Weirdness & Mutations

You have a beak for a mouth.
You have claws for feet.


Message History

There is a stone staircase leading down here.
As you read the scroll labeled TUAWEE QUYLUSCH, it crumbles to dust.
It is a scroll of identify.
l - a potion of agility The hobgoblin barely misses you.
The hobgoblin closely misses you. Robin hits you with a +0 mace.
* * * LOW HITPOINT WARNING * * *
The hobgoblin barely misses you.
As you read the scroll labeled PES UDO TOWN, it crumbles to dust.
You feel blessed for a moment.
It was a scroll of remove curse.
The hobgoblin closely misses you.
The hobgoblin hits you but does no damage.
The hobgoblin barely misses you. Robin hits you with a +0 mace.
* * * LOW HITPOINT WARNING * * *
Okay, then.
It was a potion of brilliance.
You feel clever all of a sudden.
The hobgoblin hits you but does no damage.
The hobgoblin barely misses you. The hobgoblin hits you with a +0 club.
You die...

#.....##.######.##
......##.# #.#
##.#.###.# #.#
#.#.....# ##.##
##'####### #...#
#..<## ###...###
.....## #.......#
......## ##...g.g.#
.......####...).@..#
.......'......÷gg###
.......####......#
......## ##.#.###
.....## #....#
#...## #.#### ##+##
#.# #.# #.# #.# #.#


You could see Robin and 3 hobgoblins.

Vanquished Creatures
  Jessica (D:1)
  A worker ant (D:3)
  An adder (D:3)
  2 worms (D:2)
  2 leopard geckos
  3 orcs (D:3)
  4 bats
  3 giant cockroaches
  7 goblins
  4 hobgoblins
  5 kobolds
  2 quokkas
  5 rats
40 creatures vanquished.

Notes
Turn   | Place    | Note
-------+----------+-------------------------------------------
     0 | D:1      | Destapler the Tengu Air Elementalist began the quest for
                  | the Orb.
     0 | D:1      | Reached XP level 1. HP: 10/10 MP: 4/4
   372 | D:1      | Reached XP level 2. HP: 10/15 MP: 6/6
   474 | D:1      | Reached skill level 1 in Armour
   879 | D:2      | Noticed Jessica
   895 | D:1      | Killed Jessica
   895 | D:1      | Reached XP level 3. HP: 19/19 MP: 1/7
  1360 | D:2      | Found a basalt altar of Yredelemnul.
  1360 | D:2      | Found a faded altar of an unknown god.
  1365 | D:2      | Found a glowing golden altar of the Shining One.
  1367 | D:2      | Found a faded altar of an unknown god.
  1368 | D:2      | Found a stormy altar of Qazlal.
  1439 | D:2      | Found a shattered altar of Ashenzari.
  1847 | D:2      | Reached XP level 4. HP: 24/24 MP: 3/8
  1859 | D:2      | Learned a level 4 spell: Airstrike
  2325 | D:3      | Reached skill level 1 in Fighting
  2386 | D:3      | Found a radiant altar of Vehumet.
  2386 | D:3      | Found a sparkling altar of Nemelex Xobeh.
  2386 | D:3      | Found an ornate altar of the Wu Jian Council.
  2779 | D:3      | Noticed Robin
  3045 | D:2      | Slain by a hobgoblin

Skill      XL: |  1  2  3  4 |
---------------+-------------+-----
Conjurations   | 2 |  2.0
Armour         | 2 |  2.0
Dodging        | 3 |  3.1
Fighting       | 1 |  1.2
Stealth        | |  2.5
Spellcasting   | |  2.4
Air Magic      | |  4.5

Action                   |  1- 3 |  4- 6 || total
-------------------------+-------+-------++-------
Melee: Whip              |    22 |    13 ||    35
       Kick              |     1 |     1 ||     2
       Peck              |     1 |     1 ||     2
 Cast: Shock             |    30 |    47 ||    77
  Use: Scroll            |       |     2 ||     2
       Potion            |       |     2 ||     2
 Stab: Sleeping          |     5 |       ||     5
  Eat: Chunk             |     3 |     5 ||     8
Armor: Robe              |     7 |     8 ||    15
Dodge: Dodged            |    24 |    30 ||    54
